 Dungeon Crawl Stone Soup version 0.18-a0-1229-ge9a1a01 (webtiles) character file.

175956 Scytalen the Black Belt (level 18, 0/162 HPs)
             Began as a Ghoul Monk on Feb 3, 2016.
             Was the Champion of Makhleb.
             Slain by a black mamba (3 damage)
             ... on level 3 of the Snake Pit on Feb 4, 2016.
             The game lasted 02:22:10 (32107 turns).

Scytalen the Black Belt (Ghoul Monk)               Turns: 32107, Time: 02:22:12

Health: 0/162      AC: 26    Str: 17    XL:     18   Next: 11%
Magic:  26/26      EV:  6    Int:  5    God:    Makhleb [******]
Gold:   2951       SH:  0    Dex: 17    Spells: 0 memorised, 17 levels left

rFire  + . .     SeeInvis .       - Unarmed
rCold  + . .     Gourm    .     D - +3 shadow dragon armour
rNeg   + + +     Faith    .     (no shield)
rPois  ∞         Spirit   .     O - +2 helmet
rElec  .         Dismiss  .     p - +0 cloak
rCorr  .         Reflect  +     (no gloves)
SustAt .         Harm     .     (no boots)
MR     +....                    r - +3 amulet of reflection
Stlth  +++.......               J - ring of protection from fire
                                S - +3 ring of protection

@: confused, rotting, constricted, somewhat resistant to hostile enchantments,
fairly stealthy
A: rotting body, claws 1, carnivore 3, cold resistance 1, negative energy
resistance 3, slow regeneration 1, torment resistance, unbreathing
a: Minor Destruction, Lesser Servant of Makhleb, Major Destruction, Greater
Servant of Makhleb, Renounce Religion


You were on level 3 of the Snake Pit.
You worshipped Makhleb.
Makhleb was exalted by your worship.
You were not hungry.

You visited 4 branches of the dungeon, and saw 28 of its levels.
You visited the Abyss 1 time.
You also visited: Volcano.

You collected 2951 gold pieces.

Inventory:

Missiles
 j - 3 tomahawks (quivered)
 K - a javelin
 R - 8 javelins of penetration
 Z - 812 stones
Armour
 p - a +0 cloak (worn)
 D - a +3 shadow dragon armour (worn)
 O - a +2 helmet (worn)
Jewellery
 r - a +3 amulet of reflection (around neck)
 z - an uncursed ring of wizardry
 J - a ring of protection from fire (right claw)
 S - a +3 ring of protection (left claw)
 W - an uncursed ring of ice
Wands
 t - a wand of disintegration (5/24)
 u - a wand of heal wounds (9/9)
 w - a wand of digging (0/24)
 U - a wand of iceblast (9/15)
 V - a wand of iceblast (5/15)
 X - a wand of teleportation (4/9)
 Y - a wand of iceblast (3/15)
Scrolls
 a - 4 scrolls of magic mapping
 c - 6 scrolls of teleportation
 g - 9 scrolls of remove curse
 l - a scroll of summoning {unknown}
 m - 2 scrolls of enchant armour
 q - 3 scrolls of fear
 y - 2 scrolls of fog
 F - 4 scrolls of blinking
 H - a scroll of torment
 M - 3 scrolls of recharging
 Q - a scroll of enchant weapon
 T - a scroll of silence {unknown}
Potions
 b - 3 potions of agility
 d - 4 potions of brilliance
 f - 12 potions of curing
 i - a potion of magic
 o - 2 potions of ambrosia
 s - 4 potions of flight
 v - 6 potions of heal wounds
 B - a potion of invisibility
 E - 4 potions of cancellation
 I - 4 potions of resistance
 L - 5 potions of might
 N - 3 potions of haste
Miscellaneous
 e - a plain deck of defence
 h - a plain deck of wonders
Comestibles
 k - 7 beef jerkies
 n - 12 chunks of flesh
 x - 10 meat rations
 C - 24 royal jellies
 P - 5 slices of pizza


   Skills:
 + Level 14.8 Fighting
 + Level 12.7 Armour
 - Level 2.6 Dodging
 - Level 13.9 Stealth
 - Level 20.4 Unarmed Combat
 - Level 13.0 Invocations


You had 17 spell levels left.
You didn't know any spells.

Dungeon Overview and Level Annotations

Branches:
Dungeon (15/15)            Temple (0/1) D:6            Lair (8/8) D:10
 Shoals (0/4) Lair:3        Snake (3/4) Lair:3        Slime (0/6) Lair:8
    Orc (2/2) D:9             Elf (0/3) Orc:2        Vaults (0/5) D:13
 Depths (0/5) D:15

Altars:
Cheibriados
Makhleb
Nemelex Xobeh
Pakellas
Qazlal
Trog
The Shining One
Jiyva

Shops:
D:4 [   D:6 }=   Orc:2 [[(%:


Innate Abilities, Weirdness & Mutations

Your body is rotting away.
You thrive on raw meat.
You are immune to poison.
You have sharp fingernails.
You are carnivorous and can eat meat at any time.
Your flesh is cold resistant.
You are immune to negative energy.
You regenerate slowly when monsters are visible.
You are immune to unholy pain and torment.
You can survive without breathing.


Message History

The shock serpent completely resists.
The naga mage hits you but does no damage.
The naga mage grabs you. The naga mage constricts you.
You take 19 damage, and have 38/162 hp.
Drink which item? (? for menu, Esc to quit)
You are confused.
You feel invigorated.
The black mamba bites you but does no damage.
The shock serpent shoots out a bolt of lightning at you!
The bolt of electricity hits you!
* * * LOW HITPOINT WARNING * * *
The bolt of electricity hits you!
* * * LOW HITPOINT WARNING * * *
The bolt of electricity hits the shock serpent.
The shock serpent completely resists.
The naga mage spits poison at you. The splash of poison hits you! You resist.
The naga mage constricts you. The black mamba bites you.
You die...

#...# #.#
##.. #...# .
##. #...# .
##
#(..#####.S.
#.
#......N..S.
#..
#(......[..N
#...
#())######.S
#..# #[S†#
#.. #)S@#
#.. #.N)#
#...# ##..#
#..%# #.÷)#
#... ##..#
#... #...#
#... #...#
#...


You could see a shock serpent, a black mamba and a naga mage.

Vanquished Creatures
  2 tentacled starspawn (Abyss:2)
  A greater naga (Snake:2)
  An orc warlord (Orc:1)
  An emperor scorpion (D:15)
  Azrael (Snake:2)
  2 dire elephants
  Snorg (Lair:4)
  A vault guard (D:13)
  A great orb of eyes (Abyss:2)
  6 hydras
  3 naga warriors
  A catoblepas (Lair:7)
  3 death knights
  7 anacondas
  13 death yaks
  A tengu warrior (D:14)
  3 centaur warriors
  The ghost of ololoev the Destroyer, a journeyman DEFE of Sif Muna (Volcano)
  A queen ant (Lair:4)
  2 thrashing horrors (Abyss:2)
  An orc high priest (Orc:2)
  4 shock serpents (Snake:2)
  3 naga sharpshooters
  Sonja (D:14)
  The ghost of Voda the Basher, a novice OpAs of Fedhas (D:9)
  A fire crab (shapeshifter) (D:15)
  3 wretched stars (Abyss:2)
  A death drake (Abyss:2)
  4 skeletal warriors (D:12)
  An unseen horror (D:11)
  A phantasmal warrior (D:15)
  4 hill giants
  An orc knight (Orc:1)
  3 lindwurms
  Pikel (D:5)
  8 mana vipers
  2 naga ritualists
  3 cyclopes
  2 wolf spiders (Lair:8)
  The ghost of tasslehoff34 the Ducker, a novice DsGl of Ru (D:6)
  5 orc sorcerers (Orc:2)
  4 wizards (D:12)
  4 deep elf magi
  3 manticores
  4 salamanders
  4 griffons
  A hornet (Lair:8)
  An iron dragon skeleton (Abyss:2)
  A toenail golem (Volcano)
  10 ugly things
  A worldbinder (Abyss:2)
  23 elephants
  Maurice (D:8)
  2 guardian serpents
  11 naga magi
  A siren (Lair:3)
  3 smoke demons
  An apocalypse crab (Abyss:2)
  An ice statue (Lair:7)
  39 black mambas
  Psyche (D:11)
  19 spiny frogs
  An orange demon (Abyss:2)
  A large abomination (Abyss:2)
  23 komodo dragons
  A yaktaur (D:13)
  An efreet (Abyss:2)
  2 fire drakes
  A tengu conjurer (D:14)
  4 freezing wraiths
  2 merfolk (Lair:3)
  11 polar bears
  6 trolls
  2 two-headed ogres
  7 slime creatures
  2 boulder beetles
  5 raiju
  37 blink frogs
  3 ynoxinuls (Abyss:2)
  A redback (Lair:8)
  A shadow (D:13)
  78 yaks
  3 small abominations (Abyss:2)
  3 steam dragons
  A neqoxec (Abyss:2)
  A water elemental (Abyss:2)
  4 wyverns
  5 fire elementals (Snake:2)
  2 basilisks
  A chaos spawn (Abyss:2)
  12 hippogriffs
  8 soldier ants (Lair:4)
  26 nagas
  A spatial vortex (Abyss:2)
  4 vampire mosquitoes (D:13)
  21 wolves
  9 wargs
  7 hell hounds
  24 water moccasins
  5 porcupines
  25 orc warriors
  A slave (D:4)
  6 ice beasts
  13 black bears
  2 sky beasts
  4 wasps
  3 boggarts (D:12)
  7 ogres
  4 phantoms
  3 centaurs (D:5)
  22 crocodiles
  15 giant frogs
  A water moccasin zombie (D:12)
  6 scorpions
  4 killer bees (D:12)
  5 wights (D:7)
  6 electric eels
  10 centaur zombies
  5 starcursed masses (Abyss:2)
  5 crimson imps
  2 quasits
  25 hounds
  3 centaur skeletons
  3 giant frog skeletons
  2 iron imps (Abyss:2)
  10 jellies
  26 orc priests
  14 iguanas
  28 worker ants
  38 orc wizards
  9 sheep
  A hound zombie (D:10)
  6 gnolls
  33 adders
  81 river rats
  5 shadow imps
  5 white imps
  6 oozes
  An adder zombie (D:9)
  A worm (D:3)
  8 giant geckos
  66 orcs
  5 ball pythons
  6 giant cockroaches
  3 goblins
  10 hobgoblins
  18 jackals
  5 quokkas
  7 bats
  A giant cockroach zombie (D:5)
  A giant gecko skeleton (D:5)
  A giant gecko zombie (D:7)
  5 giant newts
  4 kobolds
  A quokka skeleton (D:5)
  10 rats
  A bush (Lair:8)
  2 fungi
  24 plants
  3 starspawn tentacles (Abyss:2)
1191 creatures vanquished.

Vanquished Creatures (others)
  A large abomination (Abyss:2)
  3 raiju (Abyss:2)
  A black bear (Lair:8)
  A crimson imp (D:13)
  A lightning spire (D:4)
  2 orcs (D:5)
  2 jackals (D:10)
  2 bushes (D:4)
  56 fungi
  74 plants
  10 starspawn tentacles (Abyss:2)
  156 starspawn tentacle segments (Abyss:2)
  7 toadstools (Lair:7)
316 creatures vanquished.

Grand Total: 1507 creatures vanquished

Notes
Turn   | Place    | Note
--------------------------------------------------------------
     0 | D:1      | Scytalen the Ghoul Monk began the quest for the Orb.
     0 | D:1      | Reached XP level 1. HP: 19/19 MP: 0/0
   125 | D:1      | Reached XP level 2. HP: 26/26 MP: 1/1
   378 | D:1      | Reached skill level 5 in Unarmed Combat
   866 | D:2      | Found a bloodstained altar of Trog.
   951 | D:2      | Reached XP level 3. HP: 21/30 MP: 2/2
  1386 | D:2      | Reached skill level 6 in Unarmed Combat
  1386 | D:2      | Reached XP level 4. HP: 38/38 MP: 3/3
  1845 | D:2      | Reached XP level 5. HP: 44/44 MP: 4/4
  1891 | D:2      | Found a stormy altar of Qazlal.
  2291 | D:3      | Reached skill level 7 in Unarmed Combat
  3194 | D:4      | Found Korar's Antique Armour Shoppe.
  3211 | D:4      | Reached XP level 6. HP: 48/51 MP: 5/5
  3429 | D:4      | Reached skill level 8 in Unarmed Combat
  3583 | D:4      | Found an oddly glowing altar of Pakellas.
  3584 | D:4      | Noticed a fire dragon
  3626 | D:5      | Entered Level 5 of the Dungeon
  3626 | D:5      | Noticed a phantom
  3750 | D:5      | Killed a phantom
  3750 | D:5      | Reached skill level 9 in Unarmed Combat
  3750 | D:5      | Reached XP level 7. HP: 32/57 MP: 6/6
  3943 | D:5      | Found a burning altar of Makhleb.
  3991 | D:5      | Noticed Pikel
  4444 | D:5      | Reached skill level 10 in Unarmed Combat
  4486 | D:5      | Reached XP level 8. HP: 50/63 MP: 7/7
  4628 | D:5      | Reached skill level 11 in Unarmed Combat
  4661 | D:5      | Killed Pikel
  4661 | D:5      | Reached skill level 12 in Unarmed Combat
  4776 | D:5      | Became a worshipper of Makhleb the Destroyer
  4776 | D:5      | Reached * piety under Makhleb
  4776 | D:5      | Reached ** piety under Makhleb
  4923 | D:6      | Noticed tasslehoff34's ghost (novice DsGl)
  4947 | D:6      | Killed tasslehoff34's ghost
  4947 | D:6      | Reached skill level 5 in Fighting
  4947 | D:6      | Reached XP level 9. HP: 13/73 MP: 0/8
  5376 | D:6      | Found Yrghoghusi's Gadget Shoppe.
  5561 | D:6      | Found a staircase to the Ecumenical Temple.
  5694 | D:6      | Found a sparkling altar of Nemelex Xobeh.
  5877 | D:6      | Found Laolam's Jewellery Boutique.
  6113 | D:7      | Got a bronze chain mail
  6124 | D:7      | Identified the +7 chain mail of Intercession {-Tele rElec rC+ Str+6} (You found it on level 7 of the Dungeon)
  6164 | D:7      | Reached skill level 1 in Invocations
  6365 | D:7      | Found a glowing golden altar of the Shining One.
  6597 | D:8      | Reached skill level 5 in Invocations
  6606 | D:8      | Reached XP level 10. HP: 74/83 MP: 11/13
  6614 | D:8      | Reached *** piety under Makhleb
  6627 | D:8      | Noticed Maurice
  6639 | D:8      | Killed Maurice
  7060 | D:8      | Reached **** piety under Makhleb
  7255 | D:9      | Noticed Voda's ghost (novice OpAs)
  7274 | D:9      | Killed Voda's ghost
  7274 | D:9      | Reached skill level 10 in Invocations
  7283 | D:9      | Found a staircase to the Orcish Mines.
  8177 | D:10     | Entered Level 10 of the Dungeon
  8243 | D:10     | Reached skill level 5 in Armour
  8259 | D:10     | Reached XP level 11. HP: 92/92 MP: 17/17
  8378 | D:10     | Found a staircase to the Lair.
  8511 | D:10     | Reached ***** piety under Makhleb
  9184 | D:11     | Noticed Psyche
  9191 | D:11     | Killed Psyche
  9331 | D:11     | Noticed a centaur warrior
  9337 | D:11     | Killed a centaur warrior
  9512 | D:11     | Killed an unseen horror
  9641 | D:11     | Noticed a cyclops
  9655 | D:11     | Killed a cyclops
  9892 | D:11     | Noticed a deep elf mage
  9900 | D:11     | Killed a deep elf mage
  9943 | D:11     | Noticed a hill giant
  9950 | D:11     | Killed a hill giant
 10094 | D:12     | Reached skill level 10 in Fighting
 10117 | D:12     | Noticed a deep elf mage
 10123 | D:12     | Killed a deep elf mage
 10196 | Lair:1   | Entered Level 1 of the Lair of Beasts
 10377 | Lair:1   | Reached XP level 12. HP: 57/106 MP: 18/18
 10619 | Lair:1   | Reached skill level 13 in Unarmed Combat
 10634 | Lair:1   | HP: 5/106 [komodo dragon (7)]
 10634 | Lair:1   | HP: 2/106 [iguana (3)]
 11313 | Lair:1   | Reached ****** piety under Makhleb
 11313 | Lair:1   | Reached skill level 14 in Unarmed Combat
 12058 | Lair:2   | Found a snail-covered altar of Cheibriados.
 12262 | Lair:2   | Reached skill level 15 in Unarmed Combat
 13272 | Lair:3   | Reached XP level 13. HP: 100/112 MP: 19/19
 13280 | Lair:3   | Reached skill level 16 in Unarmed Combat
 13831 | Lair:3   | Reached skill level 17 in Unarmed Combat
 13927 | Lair:3   | Found a staircase to the Snake Pit.
 14030 | Lair:3   | Found a staircase to the Shoals.
 14952 | Lair:4   | Reached skill level 5 in Stealth
 15199 | Lair:4   | Reached XP level 14. HP: 90/124 MP: 20/20
 15315 | Lair:4   | Got a shimmering scale mail
 15326 | Lair:4   | Identified the +1 scale mail of Negation {rPois rCorr} (You found it on level 4 of the Lair of Beasts)
 15346 | Lair:4   | Noticed Snorg
 15362 | Lair:4   | Killed Snorg
 16136 | Lair:5   | Reached skill level 10 in Armour
 17418 | Lair:6   | Got a pitted helmet
 17429 | Lair:6   | Identified the cursed -3 helmet "Xifat" {Dex+3} (You found it on level 6 of the Lair of Beasts)
 18699 | Lair:7   | Reached XP level 15. HP: 127/134 MP: 21/21
 18998 | Lair:7   | Reached skill level 10 in Stealth
 19404 | Lair:8   | Entered Level 8 of the Lair of Beasts
 19824 | Lair:8   | Found a staircase to the Slime Pits.
 19825 | Lair:8   | Found a viscous altar of Jiyva.
 20928 | Lair:8   | Upgraded the game from 0.18-a0-1225-g5d63bca to 0.18-a0-1229-ge9a1a01
 22847 | Orc:1    | Entered Level 1 of the Orcish Mines
 22894 | Orc:2    | Entered Level 2 of the Orcish Mines
 22911 | Orc:2    | Reached XP level 16. HP: 147/147 MP: 22/22
 22994 | Orc:1    | Found a dark tunnel.
 23013 | Volcano  | Entered a volcano
 23041 | Volcano  | Noticed ololoev's ghost (journeyman DEFE)
 23062 | Volcano  | Killed ololoev's ghost
 23302 | Orc:1    | Reached skill level 18 in Unarmed Combat
 23960 | Orc:2    | Found Lijyhon's Book Emporium.
 24026 | Orc:2    | Found a staircase to the Elven Halls.
 24488 | Orc:2    | Found Aniysiott's Food Boutique.
 24488 | Orc:2    | Found Mawaics's Antique Armour Shop.
 24491 | Orc:2    | Found Ykocebud's Armour Shop.
 24498 | Orc:2    | Paralysed by an orc sorcerer for 6 turns
 24514 | Orc:2    | Found Xeicas's Antique Weapon Boutique.
 24764 | D:12     | Cast into level 2 of the Abyss (a wizard)
 24894 | Abyss:2  | Found an ancient bone altar of Kikubaaqudgha.
 24941 | Abyss:2  | Noticed a lich
 25265 | Abyss:2  | Noticed a tentacled starspawn
 25316 | Abyss:2  | Killed a tentacled starspawn
 25316 | Abyss:2  | Reached skill level 19 in Unarmed Combat
 25403 | Abyss:2  | Noticed a tentacled starspawn
 25420 | Abyss:2  | Killed a tentacled starspawn
 25544 | Abyss:2  | Paralysed by a great orb of eyes for 5 turns
 25628 | D:12     | Escaped the Abyss
 26608 | D:13     | Reached skill level 20 in Unarmed Combat
 27046 | D:13     | Found a gate to the Vaults.
 27318 | D:14     | Reached XP level 17. HP: 154/154 MP: 23/23
 27365 | D:14     | Noticed Sonja
 27374 | D:14     | Killed Sonja
 27753 | D:14     | Got an encrusted scale mail
 27764 | D:14     | Identified the cursed +0 scale mail of the Hidden Vale {+Fly rCorr} (You found it on level 14 of the Dungeon)
 28027 | D:15     | Entered Level 15 of the Dungeon
 28164 | D:15     | Found a staircase to the Depths.
 29786 | Snake:1  | Entered Level 1 of the Snake Pit
 29819 | Snake:1  | Found a glowing golden altar of the Shining One.
 30995 | Snake:2  | Noticed Azrael
 31272 | Snake:2  | Killed Azrael
 31754 | Snake:3  | Reached XP level 18. HP: 148/160 MP: 2/26
 32107 | Snake:3  | HP: 3/162 [shock serpent/bolt of electricity (17)]
 32107 | Snake:3  | Slain by a black mamba

Vault maps used:
D:1:      lightli_arrival_boilingwater, supply_closet_lemuel
D:2:      minmay_door_path, lemuel_round_altar, bloody_trog
D:3:      first_bread
D:4:      serial_shops, nicolae_shop_statue_plus,
          gammafunk_pakellas_spire_experiment
D:5:      makhleb_heckhound_becter, uniq_pikel
D:6:      temple_hall, serial_co_window_serial, co_window_of_opportunity_a,
          co_window_paths_b, co_window_corner_a, co_window_of_opportunity_a,
          co_window_paths_b, co_window_of_opportunity_c,
          co_window_unsneaky_path_b, co_window_broadway_a,
          co_window_of_opportunity_c, co_window_2corner,
          co_window_of_opportunity_c, co_window_sun, glass_columns_c,
          glass_columns_b, serial_shops,
          nicolae_shop_temple_entry_statues_fountains, nicolae_shop_stone,
          nemelex_deck
D:7:      kennysheep_mini_moat
D:8:      hangedman_little_slice_of_home, uniq_maurice
D:9:      orc_0_dummy
D:10:     erik_lair_island
D:11:     kb_rosetta, uniq_psyche
D:12:     minmay_smoke_and_mirrors, hex_medium
D:13:     david_vaults_5
D:14:     nrook_pool_corridor, uniq_sonja
D:15:     hangedman_depths_entry_try_elsewhere_first
Lair:1:   beast_lair_carwin_large_4
Lair:2:   wad_woods_structure_01, basic_altar
Lair:3:   elwin_shoals_entry_stream, minmay_snake_entry_six_corridors,
          grunt_forest_small_clearing_treed
Lair:4:   minmay_another_anthill, grunt_megastairs_5, uniq_snorg
Lair:5:   beast_lair_carwin_2, lemuel_fruit_tree, grunt_megastairs_2
Lair:6:   serial_bayou_crossing, grunt_megastairs_4, serial_bayou_shore_b
Lair:7:   gammafunk_lair_enchanted_lake, minivault_26, minivault_19, ice2_lemuel
Lair:8:   hangedman_lair_caniforms_friends, hangedman_lair_tendril_chambers,
          slime_altar_1
Snake:1:  basic_altar
Snake:2:  uniq_azrael
Orc:1:    nicolae_volcano_entry_vermiform
Orc:2:    st_orc_mages, serial_shops, nicolae_shop_behind_doors
Volcano:  volcano_pools

Action                   |  1- 3 |  4- 6 |  7- 9 | 10-12 | 13-15 | 16-18 || total
-------------------------+-------+-------+-------+-------+-------+-------++-------
Melee: Unarmed           |    70 |   144 |   299 |   824 |  1907 |  1451 ||  4695
 Fire: Hunting sling     |       |    18 |       |       |       |       ||    18
Throw: Stone             |    14 |    24 |    18 |    73 |    80 |    10 ||   219
       Javelin           |       |       |     5 |    12 |    15 |    10 ||    42
       Tomahawk          |       |       |     2 |    42 |   132 |   195 ||   371
Invok: Minor Destruction |       |       |     2 |       |       |       ||     2
Evoke: Wand              |       |       |       |       |     9 |     8 ||    17
  Use: Scroll            |       |       |     8 |    16 |    13 |    15 ||    52
       Potion            |       |       |     1 |     4 |     3 |     3 ||    11
 Stab: Sleeping          |     5 |       |       |       |    30 |    33 ||    68
       Invisible         |       |       |       |     1 |       |       ||     1
       Distracted        |       |       |       |       |     3 |     5 ||     8
       Petrified         |       |       |       |       |     3 |       ||     3
  Eat: Chunk             |     3 |     9 |     9 |    19 |    38 |    73 ||   151
